 Dungeon Crawl Stone Soup version 0.30.1 (webtiles) character file.

Game seed: 1222387490081667329

224 tizbic2 the Conjurer (level 5, -1/60 HPs)
             Began as a Demigod Conjurer on July 10, 2023.
             Slain by Grinder (5 damage)
             ... on level 4 of the Dungeon.
             The game lasted 00:11:02 (3030 turns).

tizbic2 the Conjurer (Demigod Conjurer)             Turns: 3030, Time: 00:11:03

Health: -1/60      AC: 22    Str:  8    XL:     5   Next: 39%
Magic:  14/21      EV:  2    Int: 24    God:
Gold:   102        SH:  0    Dex: 12    Spells: 7/10 levels left

rFire   . . .        o - +8 mace "Hydraslayer" {drain, rPois}
rCold   . . .        (no shield)
rNeg    . . .        a - melded +0 scale mail
rPois   +            s - melded +0 hat {SInv}
rElec   .            (cloak currently unavailable)
rCorr   .            (gloves currently unavailable)
SInv    .            (boots currently unavailable)
Will    .....        (no amulet)
Stlth   ++           e - ring of magical power
HPRegen 0.30/turn    r - ring of wizardry
MPRegen 0.17/turn

%: wizardry (x1)
@: tree-form
A: stationary, stasis, torment immunity, boosted hp, high MP 1, forlorn, divine
attributes, subdued magic 1
a: no special abilities


You were on level 4 of the Dungeon.
You were a tree.
You visited 1 branch of the dungeon, and saw 4 of its levels.

You collected 102 gold pieces.

Inventory:

Hand Weapons
 o - the +8 mace "Hydraslayer" (weapon) {drain, rPois}
   (You took it off an orc on level 3 of the Dungeon)

   rPois:     It protects you from poison.
Missiles
 c - 11 poisoned darts
Armour
 a - a +0 scale mail (melded)
 d - a +0 ring mail
 s - a +0 hat of see invisible (melded)
Jewellery
 e - a ring of magical power (left branch)
 r - a ring of wizardry (right branch)
Wands
 l - a wand of flame (13)
 p - a wand of paralysis (6)
Scrolls
 g - a scroll of fog
 k - a scroll of teleportation {unknown}
 m - a scroll of enchant weapon {unknown}
 n - a scroll of identify
Potions
 b - 2 potions of magic
 f - 3 potions of brilliance
 h - 3 potions of curing {unknown}
 i - a potion of cancellation {unknown}
 j - 2 potions of heal wounds {unknown}
 q - a potion of haste {unknown}


   Skills:
 + Level 1.1 Fighting
 * Level 1.6 Maces & Flails
 - Level 0.8 Ranged Weapons
 * Level 1.7 Armour
 - Level 1.7 Dodging
 - Level 1.7 Stealth
 + Level 3.0 Spellcasting
 + Level 4.4 Conjurations


You had 7 spell levels left.
You knew the following spells:

 Your Spells              Type           Power      Damage    Failure   Level
a - Magic Dart            Conj           76%        1d6       1%          1
b - Searing Ray           Conj           38%        2d5       1%          2

Your spell library contained the following spells:

 Spells                   Type           Power      Damage    Failure   Level
 Dazzling Flash           Conj/Hex       22%        N/A       4%          3
 Fulminant Prism          Conj/Hex       5%         3d7       14%         4
 Iskenderun's Mystic Bla  Conj/Tloc      11%        2d4       14%         4


Dungeon Overview and Level Annotations

Branches:
Dungeon (4/15)
 Temple: D:4-7

Annotations:
D:4 Grinder


Innate Abilities, Weirdness & Mutations

You are a tree.
Your roots penetrate the ground, keeping you stationary.
You cannot be teleported.
You are immune to unholy pain and torment.
Your maximum health is greatly increased.
Your equipment is partially melded.
You have an increased reservoir of magic. (+10% MP)
You shall have no god before yourself.
Your divine heritage dramatically boosts your attributes as you level up.
Your spells are a little easier to cast, but a little less powerful.


Message History

Grinder is moderately wounded.
Grinder gestures at you.
You suddenly lose the ability to move!
The kobold throws a stone.
The stone hits you but does no damage. Grinder hits you but does no damage.
Grinder hits you.
You writhe in agony.
Grinder hits you.
You can move again.
Grinder attacks as you move away! Grinder closely misses you.
You hit Grinder.
Grinder is moderately wounded.
Grinder zaps a wand.
You resist with some effort.
Casting: Searing Ray (safe; 9% risk of failure)
Confirm with . or Enter, or press ? or * to list all spells.
Aiming: Searing Ray (safe; 9% risk of failure)
Press: ? - help, Shift-Dir - straight line, f - kobold, p - Grinder
Aim: a kobold, wielding a +0 dagger and quivering stones (72% to hit)
The searing ray hits Grinder.
Grinder is heavily wounded.
The searing ray hits the kobold.
The kobold is severely wounded. (Press . to maintain the ray.) Grinder zaps a wand.
You turn into a tree.
Your +0 hat of see invisible melds into your body.
Your +0 scale mail melds into your body.
You feel less perceptive.
Your roots penetrate the ground.
The searing ray hits Grinder.
Grinder is heavily wounded.
The searing ray hits the kobold.
You kill the kobold!
Grinder hits you.
* * * LOW HITPOINT WARNING * * *
You writhe in agony.
* * * LOW HITPOINT WARNING * * *
The searing ray hits Grinder but does no damage.
Grinder is heavily wounded.
Grinder hits you!
* * * LOW HITPOINT WARNING * * *
You writhe in agony.
You die...

.........<.......
...............#. .....
####.####^####.# .....
#)# ..... #.. ......
####.#.......#.# .....#
#....#.......#.. #.....?
#........_...^.# ......#
#....#.......#.###......#
#....#.......#..♣5).<...#
#....# ..... #..##.......
#....####^####..# ###..##
#...............# ...
################# .


You could see Grinder.

Vanquished Creatures
  An orc priest (D:3)
  Terence (D:3)
  2 orc wizards
  3 adders
  A shadow imp (D:3)
  2 worms
  3 dart slugs
  10 orcs
  7 bats
  4 endoplasms
  3 giant cockroaches
  3 goblins
  5 hobgoblins
  7 kobolds
  2 quokkas
  3 ball pythons
  6 frilled lizards
  7 rats
70 creatures vanquished.

Notes
Turn   | Place    | Note
-------+----------+-------------------------------------------
     0 | D:1      | tizbic2 the Demigod Conjurer began the quest for the Orb.
     0 | D:1      | Reached XP level 1. HP: 14/14 MP: 5/5
   681 | D:1      | Reached XP level 2. HP: 20/20 MP: 4/7
   684 | D:1      | Learned a level 2 spell: Searing Ray
  1218 | D:2      | Reached skill level 4 in Conjurations
  1284 | D:2      | Reached XP level 3. HP: 15/26 MP: 0/9
  1693 | D:3      | Gained mutation: Your spells are a little easier to cast,
                  | but a little less powerful. [potion of mutation]
  1932 | D:3      | Identified the +8 mace "Hydraslayer" {drain, rPois}
  2160 | D:3      | Noticed Terence
  2170 | D:3      | Killed Terence
  2171 | D:3      | Reached XP level 4. HP: 21/33 MP: 10/10
  2567 | D:3      | Reached skill level 1 in Maces & Flails
  2567 | D:3      | Reached skill level 1 in Armour
  2730 | D:3      | Reached XP level 5. HP: 39/39 MP: 12/12
  2824 | D:3      | Reached skill level 1 in Fighting
  3007 | D:4      | Noticed Grinder
  3015 | D:4      | Paralysed by Grinder for 2 turns
  3021 | D:4      | Paralysed by Grinder for 5 turns
  3030 | D:4      | Slain by Grinder

Illustrated notes

Levels and vault maps discovered:
D:1:      dpeg_arrival_rhombi, layout_basic
D:2:      wander_river, layout_rooms
D:3:      layout_basic, fiery_altar_vehumet, kennysheep_generic_room_11,
          uniq_terence
D:4:      layout_rooms, lemuel_tele_altar, serial_bayou_pond_b, uniq_grinder,
          uniq_ijyb

Skill      XL: |  1  2  3  4  5 |
---------------+----------------+-----
Spellcasting   | 2 3 |  3.0
Conjurations   | 4 |  4.4
Maces & Flails | 1 |  1.6
Armour         | 1 |  1.7
Fighting       | 1 |  1.1
Ranged Weapons | |  0.8
Dodging        | |  1.7
Stealth        | |  1.7

Action                     |  1- 3 |  4- 6 || total
---------------------------+-------+-------++-------
  Melee: Club              |     5 |       ||     5
         Mace              |     6 |    35 ||    41
   Fire: Sling             |    35 |       ||    35
   Cast: Magic Dart        |    44 |     3 ||    47
         Searing Ray       |    14 |     8 ||    22
    Use: Scroll            |     7 |       ||     7
         Potion            |     1 |       ||     1
 Armour: Robe              |     2 |       ||     2
         Leather armour    |    18 |       ||    18
         Scale mail        |     1 |    20 ||    21
         Ring mail         |     1 |       ||     1
  Dodge: Dodged            |    51 |    24 ||    75
